 Dungeon Crawl Stone Soup version 0.27-a0-492-ga4bb394fd4 (webtiles) character file.

Game seed: 11099415651127086231

61 Nattfarinn the Changer (level 4, -2/28 HPs)
             Began as an Octopode Transmuter on Mar 2, 2021.
             Slain by Grinder (10 damage)
             ... on level 3 of the Dungeon.
             The game lasted 00:03:50 (2215 turns).

Nattfarinn the Changer (Octopode Transmuter)        Turns: 2215, Time: 00:03:51

Health: -2/28      AC:  1    Str:  9    XL:     4   Next: 7%
Magic:  7/7        EV: 13    Int: 16    God:
Gold:   157        SH:  0    Dex: 12    Spells: 3/7 levels left

rFire    . . .     SeeInvis .     - Unarmed
rCold    . . .     Faith    .   (no shield)
rNeg     . . .     Spirit   .   (helmet restricted)
rPois    .         Reflect  .   (no amulet)
rElec    .         Harm     .   (no ring)
rCorr    .         Rampage  .   (no ring)
Will     .....                  (no ring)
Stlth    ++........             (no ring)
HPRegen  0.09/turn              (no ring)
MPRegen  0.10/turn              (no ring)
                                (no ring)
                                (no ring)

@: no status effects
A: almost no armour, stealthy swim, amphibious, 8 rings, constrict 8, camouflage
1, gelatinous body 1
a: no special abilities


You were on level 3 of the Dungeon.
You visited 1 branch of the dungeon, and saw 3 of its levels.

You collected 157 gold pieces.

Inventory:

Scrolls
 a - 2 scrolls of enchant weapon {unknown}
 b - a scroll of fog {unknown}
 c - 2 scrolls of identify {unknown}
 e - a scroll of random uselessness {unknown}
 f - 2 scrolls of noise {unknown}
Potions
 g - a potion of flight {unknown}
 h - a potion of degeneration {unknown}
 j - a potion of magic
 k - a potion of resistance {unknown}
 l - a potion of heal wounds {unknown}
 m - a potion of attraction {unknown}
 n - a potion of experience {unknown}
 o - a potion of ambrosia {unknown}
 p - a potion of invisibility {unknown}


   Skills:
 - Level 1.0 Fighting
 - Level 2.0 Dodging
 - Level 3.0 Unarmed Combat
 - Level 2.0 Spellcasting
 + Level 4.2 Transmutations


You had 3 spell levels left.
You knew the following spells:

 Your Spells              Type           Power        Failure   Level
a - Beastly Appendage     Tmut           30%          3%          1
b - Spider Form           Tmut/Pois      4%           26%         3

Your spell library contained the following spells:

 Spells                   Type           Power        Failure   Level
 Wereblood                Tmut           15%          5%          2
 Ice Form                 Ice/Tmut       8%           65%         4
 Blade Hands              Tmut           7%           69%         5


Dungeon Overview and Level Annotations

Branches:
Dungeon (3/15)

Altars:
Fedhas

Annotations:
D:3 1 runed translucent door, Crazy Yiuf, Grinder


Innate Abilities, Weirdness & Mutations

You cannot wear most types of armour.
You are very stealthy in the water. (Stealth+)
You are amphibious.
You can wear up to eight rings at the same time.
You can use your tentacles to constrict eight enemies at once.
Your skin changes colour to match your surroundings (Stealth+).
Your rubbery body absorbs attacks. (AC +1, EV +1)


Message History

You tentacle-slap Grinder.
Grinder is moderately wounded.
You constrict Grinder. Grinder hits you.
You writhe in agony.
You tentacle-slap Grinder. You squeeze Grinder.
Grinder is heavily wounded.
You constrict Grinder. The adder bites you.
You are poisoned.
The adder poisons you! Grinder hits you.
You writhe in agony.
Aiming: Random Effects
Press: ? - help, Shift-Dir - straight line, f/p - Grinder
Aim: Grinder (heavily wounded, constricted by you, slow) Grinder is outlined in light.
The now-empty wand crumbles to dust.
You constrict Grinder.
You feel sick. The adder barely misses you.
You aren't carrying any items that you can evoke.
Unknown command.
Unknown command.
You completely miss the adder. You grab the adder. You constrict Grinder.
You constrict the adder. The adder barely misses you. Grinder hits you!
* * * LOW HITPOINT WARNING * * *
The adder closely misses you.
It was a potion of curing.
You feel better.
You constrict Grinder. You constrict the adder.
Grinder rolls her eyes.
Grinder hits you!
* * * LOW HITPOINT WARNING * * *
You writhe in agony.
* * * LOW HITPOINT WARNING * * *
The adder misses you.
You feel better.
You constrict Grinder. You constrict the adder. The adder closely misses you.
Grinder hits you.
* * * LOW HITPOINT WARNING * * *
You writhe in agony.
* * * LOW HITPOINT WARNING * * *
You feel better.
You constrict Grinder. You constrict the adder. The adder barely misses you.
It was a potion of magic.
Magic courses through your body.
You constrict Grinder. You constrict the adder. The adder bites you.
* * * LOW HITPOINT WARNING * * *
Grinder hits you!
You die...

# #.. #.#.#.#..#..##.# #
#....###.#.#.####..##.#
#.#.#..................##.#
.... .....##.#.........##.#
#.## .#..............####.#
# # ...........####.####.#
# .....................# #
......#...#####.###### #
.#..(#...S@.##...# ###
#...#.####5##.#.# ...
#....(....#.# .#.
.5......##.#.# .# #
...#....##.#.# .#.#
......#.##.#.# .#.# #
...#..#.##.#.# ...#...
......#....#.# ...#...
...##.######.#


You could see Grinder (slow, corona) and an adder.

Vanquished Creatures
  An adder (D:2)
  An ooze (D:1)
  2 worms (D:2)
  2 dart slugs (D:2)
  A leopard gecko (D:2)
  2 orcs (D:3)
  A giant cockroach (D:2)
  5 goblins
  2 jackals (D:2)
  3 quokkas
  A ball python (D:2)
  2 bats
  3 frilled lizards (D:2)
  2 kobolds
  10 rats
38 creatures vanquished.

Notes
Turn   | Place    | Note
-------+----------+-------------------------------------------
     0 | D:1      | Nattfarinn the Octopode Transmuter began the quest for the
                  | Orb.
     0 | D:1      | Reached XP level 1. HP: 13/13 MP: 3/3
   215 | D:1      | Reached XP level 2. HP: 18/18 MP: 5/5
   534 | D:2      | Reached skill level 3 in Transmutations
   836 | D:2      | Reached XP level 3. HP: 16/23 MP: 6/6
  1235 | D:2      | Learned a level 3 spell: Spider Form
  1318 | D:2      | Reached skill level 4 in Transmutations
  1468 | D:2      | Found a blossoming altar of Fedhas.
  1709 | D:3      | Found a runed translucent door.
  1710 | D:3      | Noticed Crazy Yiuf
  1767 | D:3      | Reached XP level 4. HP: 28/28 MP: 7/7
  2036 | D:3      | Noticed Grinder
  2215 | D:3      | Slain by Grinder

Illustrated notes

Levels and vault maps discovered:
D:1:      minmay_arrival_four_circles, layout_rooms
D:2:      layout_rooms, general_overflow_altar
D:3:      layout_basic, uniq_crazy_yiuf_cottage, uniq_grinder

Skill      XL: |  1  2  3 |
---------------+----------+-----
Transmutations | 3 4 |  4.2
Fighting       | |  1.0
Dodging        | |  2.0
Unarmed Combat | |  3.0
Spellcasting   | |  2.0

Action                   |  1- 3 |  4- 6 || total
-------------------------+-------+-------++-------
Melee: Unarmed           |    94 |    17 ||   111
       Tentacles         |    25 |     5 ||    30
       Constrict         |    23 |     4 ||    27
Evoke: Wand              |     4 |     6 ||    10
  Use: Potion            |       |     4 ||     4
 Stab: Petrified         |    14 |     6 ||    20
       Sleeping          |     1 |     1 ||     2
Armor: Skin              |     4 |     1 ||     5
Dodge: Dodged            |    43 |     9 ||    52

Table legend: (Time is in decaauts)
 A = Elapsed time spent in this place.
 B = Non-inter-level travel time spent in this place.
 C = Inter-level travel time spent in this place.
 D = Time resting spent in this place.
 E = Time spent auto-exploring this place.
 F = Levels seen in this place.
 G = Mean time per level.
                   A        B        C        D        E       F      G
               +--------+--------+--------+--------+--------+-----+--------+
         Total |   2208 |   2161 |     47 |    307 |   1548 |   3 |  736.0 |
       Dungeon |   2208 |   2161 |     47 |    307 |   1548 |   3 |  736.0 |
               +--------+--------+--------+--------+--------+-----+--------+

Top non-repeatable levels by time:
     D:2: 1184 daAuts
     D:3: 527 daAuts
     D:1: 496 daAuts
